 Dungeon Sprint DCSS version 0.14-a0-2723-gdc5d926 (webtiles) character file.

12301 BluebellGnoll the Unseen (level 11, -7/42 HPs)
             Began as a Spriggan Enchanter on Feb 19, 2014.
             Was the Champion of Vehumet.
             Mangled by an orc knight
             ... wielding a +0,+1 orcish glaive
              (22 damage)
             ... in the Dungeon (Sprint IX: "|||||||||||||||||||||||||||||").
             The game lasted 00:32:48 (3380 turns).

BluebellGnoll the Unseen (Spriggan Enchanter)       Turns: 3380, Time: 00:32:49

HP  -7/42        AC  3     Str  4      XL: 11   Next: 37%
MP  29/33        EV 33     Int 26      God: Vehumet [******]
Gold 1766        SH  0     Dex 17      Spells: 10 memorised,  1 level left

rFire  . . .     SeeInvis +     r - +2 cutlass (venom)
rCold  . . .     Clarity  .     b - +1 robe
rNeg   . . .     Conserve .     (shield restricted)
rPois  .         rCorr    .     (helmet restricted)
rElec  .         rRot     .     (no cloak)
SustAb . .       Spirit   .     (gloves unavailable)
rMut   .         Warding  .     (boots unavailable)
Saprov . . .     NoTele   +     (no amulet)
MR     +....                    p - +3 ring of intelligence
                                o - +3 ring of intelligence

@: very quick, somewhat resistant to hostile enchantments, incredibly stealthy
A: unfitting armour, see invisible, herbivore 3, speed 3, frail 1, slow
metabolism 2
a: Renounce Religion


You were in the Dungeon.
You worshipped Vehumet.
Vehumet was exalted by your worship.
You were not hungry.

You visited 1 branch You collected 1766 gold pieces.

Inventory:

Hand weapons
 r - a +2,+2 cutlass of venom (weapon)
Armour
 b - a +1 robe (worn)
 c - a +1 robe of positive energy
Magical devices
 n - a wand of fire (7)
Comestibles
 A - 3 bread rations
Scrolls
 k - 3 scrolls of blinking
 l - 5 scrolls of remove curse
 m - a scroll of amnesia
 t - a scroll of enchant armour
 u - a scroll of identify
 x - a scroll of fog
 y - a scroll of recharging
Jewellery
 o - a +3 ring of intelligence (left hand)
 p - a +3 ring of intelligence (right hand)
Potions
 a - a potion of resistance
 f - 3 potions of curing
 g - 3 potions of heal wounds
 h - a potion of speed
 i - 2 potions of magic
 j - a potion of invisibility
 s - a potion of brilliance
Magical staves
 w - an uncursed staff of energy


   Skills:
 - Level 9.7 Short Blades
 - Level 1.1 Throwing
 - Level 18.5 Dodging
 + Level 20.7 Stealth
 - Level 11.8 Spellcasting
 * Level 10.0 Conjurations
 - Level 11.1 Hexes


You had one spell level left.
You knew the following spells:

 Your Spells              Type           Power        Failure   Level  Hunger
a - Corona                Hex            ######.      1%          1    None
b - Ensorcelled Hibernat  Hex/Ice        #####.       1%          2    None
c - Confuse               Hex            ######..     1%          3    None
d - Sure Blade            Hex/Chrm       #####.....   1%          2    None
e - Enslavement           Hex            ######..     1%          4    None
f - Invisibility          Hex            ######..     8%          6    #####..
g - Magic Dart            Conj           ####         1%          1    None
h - Conjure Flame         Conj/Fire      #####...     1%          3    None
i - Sticky Flame          Conj/Fire      #####...     2%          4    None
j - Iron Shot             Conj/Erth      #####.....   36%         6    #####..


Dungeon Overview and Level Annotations

Branches:
Dungeon (1/1)

Altars:
Ashenzari
Cheibriados
Dithmenos
Elyvilon
Fedhas
Kikubaaqudgha
Makhleb
Nemelex Xobeh
Okawaru
Sif Muna
Trog
Vehumet
Xom
Yredelemnul
Zin
The Shining One

Shops:
D (*(/


Innate Abilities, Weirdness & Mutations

You are tiny and cannot use many weapons and most armour.
You have supernaturally acute eyesight.
You are a herbivore.
You cover ground extremely quickly.
You need consume almost no food.
You are frail (-10% HP).


Message History

There is an open door here.
Things that are here:
an orcish chain mail; an uncursed orcish scimitar; an orcish chain mail an uncursed orcish hand axe You hit the orc knight but do no damage.
You hit the orc knight.
The orc knight is poisoned.
The orc knight is lightly wounded.
You barely miss the orc knight.
The orc knight is lightly wounded.
The orc knight unwields an uncursed orcish crossbow.
The orc knight wields an orcish glaive.
The orc knight closely misses you.
You slash the orc knight!
The orc knight is moderately wounded.
The orc knight seems less confused.
You hit the orc knight but do no damage.
The orc knight looks even sicker.
The orc knight is moderately wounded.
The orc knight hits you with an orcish glaive!
Ouch! That really hurt!
You die...

▓▓▓▓▓▓▓▓▓▓▓▓▓▓▓▓▓▓▓▓▓▓▓▓▓▓▓▓▓▓▓▓▓
..[.'[[..).[...o@'[).()....[.)[[.
▓▓▓▓▓▓▓▓▓▓▓▓▓▓▓▓▓▓▓▓▓▓▓▓▓▓▓▓▓▓▓▓▓
.........)........[.....)....([..
▓▓▓▓▓▓▓▓▓▓▓▓▓▓▓▓▓▓▓▓▓▓▓▓▓▓▓▓▓▓▓▓▓
...'....%%.%.'%..%...%.'.......[.
▓▓▓▓▓▓▓▓▓▓▓▓▓▓▓▓▓▓▓▓▓▓▓▓▓▓▓▓▓▓▓▓▓
.................................
▓▓▓▓▓▓▓▓▓▓▓▓▓▓▓▓▓▓▓▓▓▓▓▓▓▓▓▓▓▓▓▓▓
[....'__________________'....)'..


You could see an orc knight.

Vanquished Creatures
  Josephine (D)
  Urug (D)
  3 orc high priests (D)
  5 orc knights (D)
  A hill giant (D)
  2 orc sorcerers (D)
  An elephant (D)
  A black mamba (D)
  2 spiny frogs (D)
  2 giant leeches (D)
  2 blink frogs (D)
  2 komodo dragons (D)
  A basilisk (D)
  A wolf (D)
  3 vampire mosquitoes (D)
  2 hippogriffs (D)
  A porcupine (D)
  An ice beast (D)
  8 orc warriors (D)
  A centaur (D)
  A water moccasin (D)
  3 giant frogs (D)
  A goliath beetle (D)
  A crimson imp (D)
  2 hounds (D)
  4 orc priests (D)
  2 orc wizards (D)
  An iguana (D)
  An adder (D)
  A giant centipede (D)
  An adder skeleton (D)
  A giant eyeball (D)
  2 giant geckos (D)
  10 orcs (D)
  2 hobgoblins (D)
  A jackal (D)
  A kobold (D)
  A bat (D)
  A bat simulacrum (D)
  A giant newt skeleton (D)
  A goblin skeleton (D)
  A goblin zombie (D)
  A hobgoblin simulacrum (D)
  2 rats (D)
  A rat zombie (D)
85 creatures vanquished.

Vanquished Creatures (collateral kills)
  3 orc high priests (D)
  A griffon (D)
  A vampire mosquito (D)
  A phantom (D)
  A rotting devil (D)
7 creatures vanquished.

Vanquished Creatures (others)
  An ice devil (D)
  A plant (D)
2 creatures vanquished.

Grand Total: 94 creatures vanquished

Notes
Turn   | Place    | Note
--------------------------------------------------------------
     0 | D        | BluebellGnoll, the Spriggan Enchanter, began the quest for the Orb.
     0 | D        | Reached XP level 1. HP: 9/9 MP: 4/4
     9 | D        | Reached skill level 4 in Stealth
    17 | D        | Reached skill level 5 in Stealth
    29 | D        | Reached skill level 6 in Stealth
   151 | D        | Noticed a hound
   151 | D        | Noticed a centaur
   151 | D        | Noticed a hound
   151 | D        | Noticed a crimson imp
   167 | D        | Killed a crimson imp
   167 | D        | Reached skill level 10 in Stealth
   167 | D        | Reached XP level 2. HP: 11/13 MP: 7/7
   167 | D        | Reached XP level 3. HP: 13/16 MP: 9/9
   170 | D        | Killed a hound
   170 | D        | Reached skill level 12 in Stealth
   170 | D        | Reached XP level 4. HP: 10/21 MP: 12/12
   182 | D        | Learned a level 2 spell: Ensorcelled Hibernation
   186 | D        | Learned a level 3 spell: Confuse
   189 | D        | Learned a level 2 spell: Sure Blade
   387 | D        | Killed a centaur
   387 | D        | Reached XP level 5. HP: 13/24 MP: 7/20
   403 | D        | Killed a hound
   420 | D        | Found a snail-covered altar of Cheibriados.
   420 | D        | Found a shadowy altar of Dithmenos.
   420 | D        | Found a shadowy altar of Dithmenos.
   420 | D        | Found a glowing golden altar of the Shining One.
   420 | D        | Found a white marble altar of Elyvilon.
   420 | D        | Found an ancient bone altar of Kikubaaqudgha.
   420 | D        | Found a deep blue altar of Sif Muna.
   421 | D        | Found a snail-covered altar of Cheibriados.
   422 | D        | Found a sparkling altar of Nemelex Xobeh.
   423 | D        | Found a radiant altar of Vehumet.
   424 | D        | Found a blossoming altar of Fedhas.
   425 | D        | Found a bloodstained altar of Trog.
   426 | D        | Found a shattered altar of Ashenzari.
   427 | D        | Found a glowing silver altar of Zin.
   428 | D        | Found a burning altar of Makhleb.
   429 | D        | Found an iron altar of Okawaru.
   430 | D        | Found a shimmering altar of Xom.
   431 | D        | Found a basalt altar of Yredelemnul.
   432 | D        | Became a worshipper of Vehumet
   568 | D        | Learned a level 4 spell: Enslavement
   569 | D        | Noticed an ice beast
   569 | D        | Noticed a giant frog
   601 | D        | Killed a giant frog
   601 | D        | Acquired Vehumet's first power
   601 | D        | Offered knowledge of Freeze by Vehumet.
   631 | D        | Killed an ice beast
   631 | D        | Reached XP level 6. HP: 28/28 MP: 11/25
   639 | D        | Learned a level 6 spell: Invisibility
   816 | D        | Offered knowledge of Magic Dart by Vehumet.
   846 | D        | Learned a level 1 spell: Magic Dart
   849 | D        | Noticed a goliath beetle
   849 | D        | Noticed a phantom
   849 | D        | Noticed a griffon
   849 | D        | Noticed a hill giant
   862 | D        | Killed a griffon
   862 | D        | Reached skill level 10 in Hexes
   862 | D        | Reached XP level 7. HP: 32/32 MP: 17/29
   866 | D        | Killed a phantom
   871 | D        | a hill giant (ally) was killed
   876 | D        | Killed a goliath beetle
   876 | D        | Offered knowledge of Conjure Flame by Vehumet.
   886 | D        | Learned a level 3 spell: Conjure Flame
  1040 | D        | Noticed an elephant
  1040 | D        | Noticed a spiny frog
  1040 | D        | Noticed a spiny frog
  1040 | D        | Noticed a wolf
  1040 | D        | Noticed a porcupine
  1040 | D        | Noticed a basilisk
  1042 | D        | Killed a basilisk
  1042 | D        | Acquired Vehumet's second power
  1043 | D        | Noticed a black mamba
  1044 | D        | Killed a porcupine
  1044 | D        | Reached skill level 10 in Dodging
  1065 | D        | Killed a wolf
  1065 | D        | Offered knowledge of Throw Icicle by Vehumet.
  1069 | D        | Killed a spiny frog
  1069 | D        | Reached skill level 14 in Dodging
  1069 | D        | Reached XP level 8. HP: 36/36 MP: 28/30
  1074 | D        | Acquired Vehumet's third power
  1089 | D        | Killed a spiny frog
  1089 | D        | Reached skill level 15 in Dodging
  1117 | D        | Killed an elephant
  1117 | D        | Reached skill level 17 in Dodging
  1167 | D        | Killed a black mamba
  1167 | D        | Reached skill level 18 in Dodging
  1167 | D        | Reached XP level 9. HP: 39/39 MP: 17/31
  1340 | D        | Noticed a giant frog
  1340 | D        | Noticed a komodo dragon
  1340 | D        | Noticed a komodo dragon
  1340 | D        | Noticed a water moccasin
  1340 | D        | Noticed a hippogriff
  1340 | D        | Noticed an iguana
  1342 | D        | Offered knowledge of Sticky Flame by Vehumet.
  1343 | D        | Noticed a hippogriff
  1344 | D        | Noticed a blink frog
  1345 | D        | Killed an iguana
  1347 | D        | Killed a hippogriff
  1349 | D        | Killed a water moccasin
  1354 | D        | Killed a komodo dragon
  1354 | D        | Reached skill level 15 in Stealth
  1362 | D        | Killed a komodo dragon
  1367 | D        | Killed a giant frog
  1371 | D        | Killed a hippogriff
  1374 | D        | Killed a blink frog
  1380 | D        | Learned a level 4 spell: Sticky Flame
  1381 | D        | Noticed a vampire mosquito
  1381 | D        | Noticed a blink frog
  1381 | D        | Noticed a vampire mosquito
  1381 | D        | Noticed a giant leech
  1381 | D        | Noticed a giant frog
  1382 | D        | Noticed a vampire mosquito
  1383 | D        | Killed a giant frog
  1383 | D        | Offered knowledge of Ozocubu's Refrigeration by Vehumet.
  1384 | D        | Noticed a giant leech
  1407 | D        | Noticed a vampire mosquito
  1414 | D        | Killed a giant leech
  1428 | D        | a vampire mosquito (ally) was killed
  1437 | D        | Killed a vampire mosquito
  1442 | D        | a vampire mosquito (ally) was killed
  1453 | D        | Killed a blink frog
  1602 | D        | Killed a vampire mosquito
  1652 | D        | Killed a giant leech
  1652 | D        | Reached skill level 19 in Stealth
  1652 | D        | Reached XP level 10. HP: 40/44 MP: 32/32
  1745 | D        | Noticed Josephine
  1756 | D        | Killed Josephine
  1760 | D        | Offered knowledge of Bolt of Cold by Vehumet.
  1770 | D        | Noticed Urug
  1785 | D        | Killed Urug
  1834 | D        | Noticed an orc wizard
  1834 | D        | Noticed an orc priest
  1834 | D        | Noticed an orc warrior
  1843 | D        | Killed an orc warrior
  1845 | D        | Noticed an orc priest
  1849 | D        | Killed an orc priest
  1854 | D        | Killed an orc wizard
  1855 | D        | Noticed an orc priest
  1957 | D        | Gained mutation: You are frail (-10% HP). [mutagenic glow]
  2053 | D        | Killed an orc priest
  2053 | D        | Offered knowledge of Poisonous Cloud by Vehumet.
  2074 | D        | Learned a level 6 spell: Poisonous Cloud
  2121 | D        | Killed an orc priest
  2139 | D        | Noticed an orc priest
  2147 | D        | Killed an orc priest
  2161 | D        | Noticed an orc wizard
  2172 | D        | Killed an orc wizard
  2172 | D        | Reached skill level 1 in Conjurations
  2185 | D        | Noticed an orc sorcerer
  2185 | D        | Noticed an orc warrior
  2185 | D        | Noticed an orc warrior
  2185 | D        | Noticed an orc warrior
  2185 | D        | Noticed an orc warrior
  2186 | D        | Noticed an orc warrior
  2187 | D        | Killed an orc warrior
  2188 | D        | Noticed an orc warrior
  2189 | D        | Killed an orc warrior
  2190 | D        | Noticed an orc knight
  2204 | D        | Killed an orc warrior
  2204 | D        | Offered knowledge of Bolt of Magma by Vehumet.
  2224 | D        | Killed an orc sorcerer
  2237 | D        | Killed an orc warrior
  2245 | D        | Killed an orc warrior
  2273 | D        | Killed an orc knight
  2273 | D        | Reached skill level 5 in Conjurations
  2279 | D        | Killed an orc warrior
  2372 | D        | Noticed an orc warrior
  2383 | D        | Killed an orc warrior
  2383 | D        | Offered knowledge of Iron Shot by Vehumet.
  2399 | D        | Learned a level 6 spell: Iron Shot
  2404 | D        | Noticed an orc sorcerer
  2415 | D        | Killed an orc sorcerer
  2418 | D        | Found Freposoa's Magical Wand Boutique.
  2418 | D        | Noticed an orc high priest
  2418 | D        | Noticed an orc knight
  2418 | D        | Noticed an orc knight
  2418 | D        | Noticed an orc high priest
  2418 | D        | Noticed an orc high priest
  2418 | D        | Noticed an orc knight
  2431 | D        | Killed an orc high priest
  2443 | D        | Killed an orc high priest
  2443 | D        | Reached XP level 11. HP: 42/42 MP: 33/33
  2466 | D        | Killed an orc knight
  2484 | D        | Killed an orc knight
  2489 | D        | Killed an orc high priest
  2492 | D        | Killed an orc knight
  2609 | D        | Found Jieshro Maom's Weapon Shop.
  2610 | D        | Noticed an orc high priest
  2614 | D        | Found Fiobros' Assorted Antiques.
  2615 | D        | Noticed an orc high priest
  2616 | D        | Found Cuoxzan's Antique Weapon Shop.
  2617 | D        | Noticed an orc knight
  2618 | D        | Noticed an orc high priest
  2619 | D        | Noticed an orc knight
  2637 | D        | Noticed a sun demon
  2643 | D        | an orc high priest (ally) was killed
  3170 | D        | Killed an orc high priest
  3170 | D        | Offered knowledge of Poison Arrow by Vehumet.
  3288 | D        | Killed an orc high priest
  3288 | D        | Reached skill level 20 in Stealth
  3310 | D        | Killed an orc knight
  3310 | D        | Reached skill level 10 in Conjurations
  3380 | D        | Mangled by an orc knight

Action                   |  1- 3 |  4- 6 |  7- 9 | 10-12 || total
-------------------------+-------+-------+-------+-------++-------
Melee: Dagger            |    39 |     6 |       |       ||    45
       Cutlass           |       |    12 |    56 |    55 ||   123
Throw: Dart              |       |    12 |       |       ||    12
 Cast: Confuse           |       |     6 |    13 |    25 ||    44
       Ensorcelled Hiber |       |     5 |    20 |    20 ||    45
       Sure Blade        |       |     2 |     3 |     6 ||    11
       Enslavement       |       |     2 |     4 |     3 ||     9
       Conjure Flame     |       |       |     3 |     8 ||    11
       Magic Dart        |       |       |     8 |     5 ||    13
       Invisibility      |       |       |     1 |     3 ||     4
  Use: Potion            |     1 |       |       |       ||     1
       Scroll            |       |       |       |     1 ||     1
 Stab: Confused          |       |     5 |     8 |     8 ||    21
       Sleeping          |       |     4 |    20 |    24 ||    48
       Distracted        |       |     1 |       |       ||     1
       Invisible         |       |       |       |     1 ||     1
